 Dungeon Crawl Stone Soup version 0.25-a0-663-gace7076f2c (webtiles) character file.

Game seed: 3773310795562758785, levelgen mode: deterministic

135 Conn the Magician (level 5, 0/33 HPs)
             Began as an Octopode Wizard on Mar 25, 2020.
             Killed by divine providence
             ... invoked by an orc priest
              (12 damage)
             ... on level 3 of the Dungeon.
             The game lasted 00:06:04 (2427 turns).

Conn the Magician (Octopode Wizard)                 Turns: 2427, Time: 00:06:04

Health: 0/33       AC:  1    Str:  5 (8)  XL:     5   Next: 18%
Magic:  1/11       EV: 13    Int: 17 (20) God:
Gold:   154        SH:  0    Dex:  8 (10) Spells: 7/12 levels left

rFire    . . .     SeeInvis .   j - +0 dagger
rCold    . . .     Gourm    .   (no shield)
rNeg     . . .     Faith    .   a - +0 hat
rPois    .         Spirit   .   (no amulet)
rElec    .         Reflect  .   (no ring)
rCorr    .         Harm     .   (no ring)
MR       .....                  (no ring)
Stlth    +++.......             (no ring)
HPRegen  0.11/turn              (no ring)
MPRegen  0.12/turn              (no ring)
                                (no ring)
                                (no ring)

@: very slightly contaminated
A: almost no armour, stealthy swim, amphibious, 8 rings, constrict 8, camouflage
1, gelatinous body 1
a: no special abilities


You were on level 3 of the Dungeon.
You were hungry.

You visited 1 branch of the dungeon, and saw 3 of its levels.

You collected 154 gold pieces.

Inventory:

Hand Weapons
 j - a +0 dagger (weapon)
 p - a +0 mace of holy wrath
Missiles
 q - 5 javelins (quivered)
Armour
 a - a +0 hat (worn)
Scrolls
 b - 2 scrolls of immolation {unknown}
 d - 2 scrolls of enchant armour {unknown}
 g - 3 scrolls of remove curse {unknown}
 h - 2 scrolls of identify {unknown}
 i - 2 scrolls of amnesia {unknown}
 l - 3 scrolls of teleportation {unknown}
 o - a scroll of noise {unknown}
 r - a scroll of fear {unknown}
Potions
 e - a potion of magic {unknown}
 f - a potion of degeneration
 k - 5 potions of heal wounds {unknown}
 n - a potion of mutation {unknown}
Comestibles
 c - 6 rations
 m - 4 chunks of flesh


   Skills:
 + Level 1.5 Fighting
 + Level 0.6 Short Blades
 + Level 2.4 Dodging
 + Level 3.3 Stealth
 + Level 4.1 Spellcasting
 + Level 2.0 Conjurations
 + Level 1.1 Summonings
 + Level 1.0 Translocations


You had 7 spell levels left.
You knew the following spells:

 Your Spells              Type           Power        Failure   Level  Hunger
a - Magic Dart            Conj           ##..         7%          1    None
b - Blink                 Tloc           N/A          16%         2    ##.....
c - Call Imp              Summ           #.......     16%         2    ##.....

Your spell library contained the following spells:

 Spells                   Type           Power        Failure   Level  Hunger
 Slow                     Hex            #.......     24%         2    ##.....
 Conjure Flame            Conj/Fire      #.......     30%         3    ###....
 Mephitic Cloud           Conj/Pois/Air  #.......     34%         3    ###....


Dungeon Overview and Level Annotations

Branches:
Dungeon (3/15)

Altars:
Elyvilon


Innate Abilities, Weirdness & Mutations

You cannot wear most types of armour.
You are very stealthy in the water. (Stealth+)
You are amphibious.
You can wear up to eight rings at the same time.
You can use your tentacles to constrict eight enemies at once.
Your skin changes colour to match your surroundings (Stealth+).
Your rubbery body absorbs attacks. (AC +1, EV +1)


Message History

Confirm with . or Enter, or press ? or * to list all spells.
A beastly little devil appears in a puff of flame.
The orc priest begins to cast a cantrip, but forgets the words!
The orc priest hits you with a +0 trident!
Casting: Call Imp (safe; 12% risk of failure)
Confirm with . or Enter, or press ? or * to list all spells.
Okay, then.
Unknown command.
Unknown command.
Unknown command.
Unknown command.
Unknown command.
Unknown command.
Unknown command.
It was a potion of degeneration.
There was something very wrong with that liquid.
You feel weakened.
You feel dopey.
You feel clumsy.
The orc priest calls down the wrath of Beogh upon you.
Beogh smites you!
You die...

...# .## .
....#.# .###
..........
..#.....
#.#.#..##
#.......
#####.o.#.#
.......@..#
#####<....# .
####.5...###...
#..............
#.#......###.##
.....#........#
.....#....####..
####.#....####.
#.........#


You could see an orc priest and a friendly crimson imp.

Vanquished Creatures
  An orc wizard (D:3)
  3 gnolls (D:2)
  2 adders
  2 worms (D:3)
  A dart slug (D:1)
  5 orcs (D:3)
  2 goblins (D:1)
  6 hobgoblins
  2 jackals (D:3)
  A quokka (D:2)
  4 bats
  2 frilled lizards
  5 kobolds
  7 rats
43 creatures vanquished.

Vanquished Creatures (collateral kills)
  An orc wizard (D:3)
  7 orcs (D:3)
  A giant cockroach (D:3)
9 creatures vanquished.

Grand Total: 52 creatures vanquished

Notes
Turn   | Place    | Note
-------+----------+-------------------------------------------
     0 | D:1      | Conn the Octopode Wizard began the quest for the Orb.
     0 | D:1      | Reached XP level 1. HP: 11/11 MP: 4/4
   503 | D:1      | Reached XP level 2. HP: 14/17 MP: 3/6
   566 | D:1      | Learned a level 2 spell: Blink
   569 | D:1      | Learned a level 2 spell: Call Imp
  1133 | D:2      | Found a white marble altar of Elyvilon.
  1322 | D:2      | Reached XP level 3. HP: 14/21 MP: 8/8
  1338 | D:2      | Reached skill level 1 in Fighting
  1586 | D:2      | Reached XP level 4. HP: 28/28 MP: 9/9
  2283 | D:3      | Reached skill level 4 in Spellcasting
  2371 | D:3      | Reached XP level 5. HP: 29/33 MP: 4/11
  2427 | D:3      | Killed from afar by an orc priest

Levels and vault maps discovered:
D:1:      eino_arrival_cavern_b, layout_loops_corners
D:2:      layout_basic, lemuel_doored_altar, serial_rivers,
          chequers_serial_rivers_micro_e, chequers_serial_rivers_micro_c,
          chequers_serial_rivers_large_a, chequers_serial_rivers_marsh
D:3:      layout_loops_ring, lemuel_crystal_altar

Skill      XL: |  1  2  3  4  5 |
---------------+----------------+-----
Fighting       | 1 |  1.5
Stealth        | 3 |  3.3
Spellcasting   | 4 |  4.1
Conjurations   | 2 |  2.0
Short Blades   | |  0.6
Dodging        | |  2.4
Summonings     | |  1.1
Translocations | |  1.0

Action                   |  1- 3 |  4- 6 || total
-------------------------+-------+-------++-------
Melee: Unarmed           |     8 |       ||     8
       Constrict         |    15 |     9 ||    24
       Dagger            |    44 |    46 ||    90
       Tentacles         |    10 |     7 ||    17
 Cast: Magic Dart        |    21 |    25 ||    46
       Call Imp          |     1 |     7 ||     8
  Use: Potion            |       |     1 ||     1
 Stab: Distracted        |     1 |       ||     1
       Sleeping          |     1 |     2 ||     3
  Eat: Chunk             |     2 |     2 ||     4
Armor: Skin              |     8 |       ||     8
Dodge: Dodged            |    33 |    33 ||    66

Table legend:
 A = Non-vault XP
 B = Vault XP
 C = Vault XP percentage of total XP
 D = Non-vault monster count
 E = Vault monster count
 F = Vault count percentage of total count
                 A         B        C        D         E       F
            +---------+---------+-------+---------+---------+-------
      Total |     193 |       0 |   0.0 |      52 |       0 |   0.0
            +---------+---------+-------+---------+---------+-------
        D:1 |      21 |       0 |   0.0 |      13 |       0 |   0.0
        D:2 |      66 |       0 |   0.0 |      14 |       0 |   0.0
        D:3 |     106 |       0 |   0.0 |      25 |       0 |   0.0
            +---------+---------+-------+---------+---------+-------
